Map: 이페머론 - 래더

Players

Zest

  • Race: Protoss Protoss
  • Spawn Location: 11:00

SKillous - Winner!

  • Race: Protoss Protoss
  • League: Master
  • Spawn Location: 5:00

VOD

Have the link to the VOD?

Description

Time

  • Played on: Jan. 6, 2020, 8:18 p.m.
  • Length: 7:22
Show
View Real Time Build Order
Export as new Build Order

Zest Protoss 

Build Orders: Oracle Opening 

Get SALT Encoding   

  12  0:00  Probe  
  13  0:13  Probe  
  14  0:17  Pylon  
  14  0:25  Probe (Chrono Boost)  
  15  0:37  Probe (Chrono Boost), Gateway  
  16  0:44  Probe (Chrono Boost)  
  16  0:46  Assimilator  
  17  0:51  Probe  
  17  0:55  Assimilator  
  18  1:03  Probe (Chrono Boost)  
  19  1:07  Gateway  
  19  1:13  Probe (Chrono Boost)  
  19  1:18  Probe (Chrono Boost)  
  20  1:24  Cybernetics Core  
  21  1:29  Probe  
  22  1:37  Pylon  
  22  1:41  Probe  
  23  1:55  Probe  
  23  1:59  Warp Gate (Chrono Boost)  
  23  2:00  Stargate  
  24  2:08  Stalker  
  26  2:14  Stalker  
  28  2:41  Oracle (Chrono Boost)  
  30  2:50  Nexus  
  30  3:01  Robotics Facility  
  30  3:07  Pylon  
  31  3:12  Probe  
  31  3:28  Probe  
  32  3:40  Probe  
  33  3:42  Sentry  
  33  3:43  Sentry  
  37  3:52  Probe  
  38  3:55  Pylon  
  38  3:59  Immortal (Chrono Boost)  
  42  4:04  Probe x2  
  42  4:07  Pylon  
  44  4:16  Probe  
  44  4:17  Probe  
  46  4:27  Warp Prism (Chrono Boost)  
  46  4:28  Probe  
  46  4:29  Probe  
  50  4:36  Pylon  
  50  4:40  Probe  
  50  4:41  Probe  
  52  4:52  Probe  
  53  4:53  Probe  
  53  4:55  Adept x2  
  53  4:57  Observer  
  59  5:04  Probe (Chrono Boost)  
  61  5:07  Assimilator  
  61  5:08  Probe (Chrono Boost)  
  61  5:09  Assimilator  
  61  5:13  Pylon  
  61  5:17  Probe (Chrono Boost)  
  63  5:21  Probe (Chrono Boost)  
  63  5:24  Immortal  
  64  5:30  Probe  
  64  5:31  Probe  
  64  5:33  Assimilator  
  64  5:34  Robotics Bay  
  66  5:37  Robotics Facility  
  66  5:54  Probe  
  66  5:55  Probe  
  66  5:57  Pylon  
  66  6:01  Pylon, Immortal (Chrono Boost)  
  64  6:07  Pylon  
  64  6:08  Gateway  
  64  6:10  Probe  
  69  6:11  Probe, Twilight Council  
  70  6:32  Disruptor x2 (Chrono Boost)  
  70  6:37  Stalker x2  
  80  6:43  Pylon, Shield Battery  
  80  7:00  Stalker x2  
Show
View Real Time Build Order
Export as new Build Order

SKillous Protoss - Winner!

Build Orders:  

Get SALT Encoding   

  12  0:00  Probe  
  13  0:13  Probe  
  14  0:17  Pylon  
  14  0:25  Probe  
  15  0:35  Gateway  
  15  0:37  Probe (Chrono Boost)  
  16  0:46  Probe (Chrono Boost)  
  16  0:47  Assimilator  
  17  0:51  Probe (Chrono Boost)  
  17  0:55  Assimilator  
  18  1:03  Probe (Chrono Boost)  
  19  1:11  Gateway  
  19  1:12  Probe (Chrono Boost)  
  19  1:17  Probe (Chrono Boost)  
  20  1:25  Cybernetics Core  
  21  1:30  Probe  
  22  1:36  Pylon  
  22  1:42  Probe  
  23  1:55  Probe  
  23  1:59  Warp Gate (Chrono Boost)  
  24  2:01  Stalker  
  24  2:02  Sentry  
  28  2:12  Pylon  
  28  2:25  Pylon  
  28  2:27  Stalker  
  30  2:31  Stalker  
  32  2:45  Probe  
  33  2:56  Nexus  
  33  2:58  Probe  
  34  2:59  Sentry  
  34  3:04  Sentry  
  38  3:10  Probe  
  39  3:13  Pylon  
  38  3:22  Probe  
  40  3:34  Probe  
  40  3:35  Robotics Facility  
  40  3:43  Stalker x2  
  40  3:47  Probe (Chrono Boost)  
  45  3:56  Probe (Chrono Boost)  
  45  4:03  Probe (Chrono Boost)  
  45  4:08  Probe (Chrono Boost)  
  47  4:16  Probe (Chrono Boost)  
  49  4:18  Probe (Chrono Boost)  
  49  4:23  Observer  
  51  4:24  Probe (Chrono Boost)  
  51  4:26  Probe (Chrono Boost)  
  51  4:28  Robotics Bay  
  51  4:29  Probe (Chrono Boost)  
  53  4:34  Probe  
  53  4:38  Pylon  
  54  4:39  Probe  
  54  4:47  Probe  
  54  4:51  Probe  
  56  4:53  Gateway  
  56  4:54  Gateway  
  56  5:01  Gateway x2  
  56  5:04  Probe  
  57  5:07  Assimilator  
  57  5:09  Probe  
  57  5:11  Disruptor (Chrono Boost)  
  58  5:20  Pylon  
  61  5:26  Stalker x2  
  65  5:28  Assimilator  
  65  5:34  Shield Battery  
  66  5:35  Probe  
  67  5:51  Warp Prism (Chrono Boost)  
  67  5:56  Pylon  
  66  5:57  Probe  
  67  6:04  Probe  
  67  6:05  Stalker  
  67  6:09  Pylon  
  67  6:10  Pylon  
  69  6:17  Stalker x4  
  77  6:19  Probe  
  77  6:28  Zealot  
  77  6:30  Zealot  
  79  6:44  Pylon  
  79  6:49  Adept x5  
  79  6:51  Adept  
  79  6:52  Pylon  
  87  7:10  Stalker x4  
  87  7:13  Stalker x2  
Tags
 
Add a new tag
Caveats
  • Supply blocks, unpowered buildings, or Contaminate may cause inaccurate times.
  • Supply counts are checked every 10 seconds.